 Dungeon Crawl Stone Soup version 0.29-a0-340-g6efceafd81 (webtiles) character file.

Game seed: 5991631998517600874

1022 rabbitsville the Ruffian (level 7, -5/61 HPs)
             Began as a Demigod Transmuter on Apr 19, 2022.
             Killed from afar by Dowan (16 damage)
             ... with a stone arrow
             ... on level 6 of the Dungeon.
             The game lasted 00:09:24 (5440 turns).

rabbitsville the Ruffian (Demigod Transmuter)       Turns: 5440, Time: 00:09:25

Health: -5/61      AC:  3    Str: 19    XL:     7   Next: 71%
Magic:  15/15      EV: 12    Int: 15    God:
Gold:   200        SH:  0    Dex: 14    Spells: 11/12 levels left

rFire   . . .      SeeInvis .     - Unarmed
rCold   . . .      Faith    .   (no shield)
rNeg    . . .      Spirit   .   a - +0 robe
rPois   .          Reflect  .   (no helmet)
rElec   .          Harm     .   (no cloak)
rCorr   .          Rampage  .   (no gloves)
Will    .....                   e - +0 pair of boots
Stlth   +.........              (no amulet)
HPRegen 1.00/turn               (no ring)
MPRegen 0.14/turn               (no ring)

@: no status effects
A: high MP 1, forlorn, divine attributes, regeneration 1
a: no special abilities


You were on level 6 of the Dungeon.
You visited 1 branch of the dungeon, and saw 6 of its levels.

You collected 200 gold pieces.

Inventory:

Armour
 a - a +0 robe (worn)
 e - a +0 pair of boots (worn)
Wands
 p - a wand of flame (19)
Scrolls
 f - 2 scrolls of enchant weapon {unknown}
 g - a scroll of noise {unknown}
 j - 4 scrolls of identify {unknown}
 k - a scroll of silence {unknown}
 n - 2 scrolls of fog {unknown}
 o - a scroll of vulnerability {unknown}
 q - a scroll of blinking {unknown}
 r - a scroll of magic mapping {unknown}
Potions
 b - a potion of lignification
 c - a potion of magic {unknown}
 d - 2 potions of degeneration {unknown}
 h - a potion of curing
 i - 2 potions of mutation
 l - 2 potions of haste {unknown}
 m - a potion of flight {unknown}


   Skills:
 + Level 5.0 Fighting
 - Level 1.7 Dodging
 + Level 5.6 Unarmed Combat
 - Level 3.4 Spellcasting
 - Level 3.7 Transmutations


You had 11 spell levels left.
You knew the following spells:

 Your Spells              Type           Power      Damage    Failure   Level
a - Beastly Appendage     Tmut           26%        N/A       4%          1

Your spell library contained the following spells:

 Spells                   Type           Power      Damage    Failure   Level
 Wereblood                Tmut           13%        N/A       6%          2
 Spider Form              Tmut/Pois      8%         N/A       26%         3
 Corpse Rot               Necr/Air       4%         N/A       28%         2
 Poisonous Vapours        Pois/Air       4%         N/A       28%         2
 Gell's Gravitas          Tloc           2%         N/A       50%         3
 Teleport Other           Tloc           2%         N/A       50%         3
 Ice Form                 Ice/Tmut       8%         N/A       65%         4
 Dispersal                Tloc           1%         N/A       100%        6


Dungeon Overview and Level Annotations

Branches:
Dungeon (6/15)             Temple (0/1) D:4

Annotations:
D:6 Dowan


Innate Abilities, Weirdness & Mutations

You have an increased reservoir of magic. (+10% MP)
You shall have no god before yourself.
Your divine heritage dramatically boosts your attributes as you level up.
Your natural rate of healing is unusually fast.


Message History

Duvessa is severely wounded.
Duvessa misses you.
You hit Duvessa but do no damage.
Duvessa is severely wounded.
You closely miss Duvessa. Your kick misses Duvessa.
Duvessa is severely wounded.
Duvessa closely misses you.
You punch Duvessa!
You kill Duvessa!
Dowan screams, "No!
No!"
Dowan seems to find hidden reserves of power!
You hear the slow rusting of a very distant drain.
You hear the slow hiss of a very distant avalanche of sand.
Your Fighting skill increases to level 5!
Dowan says, "How can I live without her?"
Dowan closely misses you.
Things that are here:
a +0 short sword; a +0 scale mail; a water moccasin corpse You barely miss Dowan.
You claw Dowan. Your headbutt misses Dowan.
Dowan is lightly wounded.
Dowan hits you with a +0 dagger.
You miss Dowan. Your kick misses Dowan.
Dowan is lightly wounded.
Your horns disappear.
Your talons disappear.
Your +0 pair of boots unmelds from your body.
Dowan mumbles some strange words.
Dowan blinks!
Dowan casts a spell at you. The shard of ice hits you!!
* * * LOW HITPOINT WARNING * * *
Things that are here:
a +0 short sword; a +0 scale mail; a water moccasin corpse You closely miss Dowan.
Dowan is lightly wounded.
Dowan closely misses you.
It was a potion of mutation.
You feel extremely strange.
You begin to heal more quickly.
Dowan gestures at you while chanting. The stone arrow hits you!
You die...

######## .......# #####
.......############......
.......'.......e@........
.......#........###......
########........# .....
#........# ....
########## ... .. .


You could see Dowan (fast).

Vanquished Creatures
  2 water moccasins
  Duvessa (D:6)
  An ogre (D:5)
  A necrophage (D:4)
  2 jellies (D:5)
  5 killer bees (D:5)
  2 hounds (D:5)
  2 iguanas (D:5)
  2 orc wizards (D:5)
  5 adders
  A dart slug (D:1)
  4 orcs (D:5)
  6 endoplasms
  2 giant cockroaches
  8 goblins
  8 hobgoblins
  4 kobolds
  2 quokkas
  4 ball pythons
  2 bats
  3 frilled lizards (D:1)
  5 rats
72 creatures vanquished.

Notes
Turn   | Place    | Note
-------+----------+-------------------------------------------
     0 | D:1      | rabbitsville the Demigod Transmuter began the quest for the
                  | Orb.
     0 | D:1      | Reached XP level 1. HP: 15/15 MP: 5/5
   145 | D:1      | Reached skill level 1 in Fighting
   411 | D:1      | Reached XP level 2. HP: 22/23 MP: 5/7
  1319 | D:2      | Reached XP level 3. HP: 27/28 MP: 9/9
  1518 | D:2      | Noticed an ogre
  2632 | D:4      | Found a staircase to the Ecumenical Temple.
  2728 | D:4      | Noticed a necrophage
  2733 | D:4      | Reached XP level 4. HP: 36/36 MP: 8/10
  2743 | D:4      | Killed a necrophage
  3487 | D:5      | Entered Level 5 of the Dungeon
  3542 | D:5      | Reached XP level 5. HP: 29/41 MP: 12/12
  3636 | D:5      | Noticed an ogre
  3655 | D:5      | Killed an ogre
  3991 | D:5      | Reached XP level 6. HP: 30/50 MP: 12/14
  4536 | D:5      | Noticed a water moccasin
  4551 | D:5      | Killed a water moccasin
  4559 | D:5      | HP: 2/51 [poisoned by a water moccasin]
  4966 | D:5      | Reached XP level 7. HP: 37/58 MP: 15/15
  4984 | D:5      | Reached skill level 5 in Unarmed Combat
  5416 | D:6      | Noticed Duvessa
  5418 | D:6      | Noticed Dowan
  5433 | D:6      | Killed Duvessa
  5434 | D:6      | Reached skill level 5 in Fighting
  5440 | D:6      | Gained mutation: Your natural rate of healing is unusually
                  | fast. [potion of mutation]
  5440 | D:6      | Killed from afar by Dowan

Illustrated notes

Levels and vault maps discovered:
D:1:      dpeg_arrival_leaves_temple_mockup, layout_loops_ring,
          hellmonk_ecumenical_altar_lost_god
D:2:      layout_rooms, minmay_tromino_v4_a
D:3:      layout_basic, hangedman_glass_teeth
D:4:      layout_basic, kiku_gazebo_pond_becter, nicolae_ru_awakened_eye,
          minmay_temple_entry_sparse_star, grunt_ministairs_5,
          serial_bayou_pond_d
D:5:      layout_basic, overflow_temple_1_default,
          chequers_temple_overflow_statue_of_worship, nrook_mini_vaults
D:6:      layout_basic, lightli_sewer_entry_pipes, enter_ossuary_1,
          uniq_duvessa, uniq_eustachio

Skill      XL: |  1  2  3  4  5  6  7 |
---------------+----------------------+-----
Fighting       | 1 2 3 5 |  5.0
Spellcasting   | 2 3 |  3.4
Transmutations | 2 3 |  3.7
Unarmed Combat | 3 4 5 |  5.6
Dodging        | |  1.7

Action                   |  1- 3 |  4- 6 |  7- 9 || total
-------------------------+-------+-------+-------++-------
Melee: Unarmed           |   158 |    77 |    38 ||   273
       Headbutt          |    23 |    14 |     4 ||    41
       Kick              |    19 |    16 |     5 ||    40
       Punch             |     1 |     4 |       ||     5
 Cast: Beastly Appendage |    29 |     9 |     1 ||    39
Evoke: Wand              |       |     6 |       ||     6
  Use: Potion            |       |     4 |     2 ||     6
 Stab: Sleeping          |     1 |       |       ||     1
Armor: Robe              |    39 |     7 |       ||    46
       Skin              |       |     4 |    22 ||    26
Dodge: Dodged            |    99 |    48 |    11 ||   158

Table legend: (Time is in decaauts)
 A = Elapsed time spent in this place.
 B = Non-inter-level travel time spent in this place.
 C = Inter-level travel time spent in this place.
 D = Time resting spent in this place.
 E = Time spent auto-exploring this place.
 F = Levels seen in this place.
 G = Mean time per level.
                   A        B        C        D        E       F      G
               +--------+--------+--------+--------+--------+-----+--------+
         Total |   5423 |   5379 |     44 |    789 |   3748 |   6 |  903.8 |
       Dungeon |   5423 |   5379 |     44 |    789 |   3748 |   6 |  903.8 |
               +--------+--------+--------+--------+--------+-----+--------+

Top non-repeatable levels by time:
     D:5: 1761 daAuts
     D:1: 1161 daAuts
     D:4: 1079 daAuts
     D:3: 1000 daAuts
     D:2: 363 daAuts
     D:6: 56 daAuts
